 Dungeon Crawl Stone Soup version 0.20.0-15-g7f486f2 (webtiles) character file.

263 cereshysteria the Cutter (level 6, 0/37 HPs)
             Began as a Gargoyle Monk on June 20, 2017.
             Killed by divine providence
             ... invoked by an orc priest
              (14 damage)
             ... on level 4 of the Dungeon.
             The game lasted 00:05:52 (3835 turns).

cereshysteria the Cutter (Gargoyle Monk)            Turns: 3835, Time: 00:05:53

Health: 0/37       AC:  6    Str: 14    XL:     6   Next: 19%
Magic:  6/6        EV: 13    Int: 11    God:
Gold:   176        SH:  3    Dex: 14    Spells: 5/5 levels left

rFire    . . .     SeeInvis .   q - +2 dagger (flame)
rCold    . . .     Gourm    .   m - +0 buckler
rNeg     + . .     Faith    .   b - +0 robe
rPois    ∞         Spirit   .   (no helmet)
rElec    +         Reflect  .   (no cloak)
rCorr    .         Harm     .   (no gloves)
MR       .....                  (no boots)
Stlth    ++........             (no amulet)
Regen    0.2/turn               (no ring)
MPRegen  0.1/turn               (no ring)

@: no status effects
A: negative energy resistance 1, electricity resistance, unbreathing,
petrification resistance, rot immunity, AC +4
a: no special abilities


You were on level 4 of the Dungeon.
You were not hungry.

You visited 1 branch of the dungeon, and saw 4 of its levels.

You collected 230 gold pieces.
You spent 54 gold pieces at shops.

Inventory:

Hand Weapons
 a - a +0 short sword
 p - a +0 club
 q - a +2 dagger of flaming (weapon)
Armour
 b - a +0 robe (worn)
 m - a +0 buckler (worn)
Scrolls
 e - a scroll of teleportation {unknown}
 f - 2 scrolls of remove curse {unknown}
 h - a scroll of identify {unknown}
 i - a scroll of amnesia {unknown}
 j - a scroll of enchant armour {unknown}
 k - a scroll of immolation {unknown}
 r - a scroll of blinking {unknown}
Potions
 g - a potion of brilliance
 n - a potion of might
 o - a potion of ambrosia {unknown}
Comestibles
 c - a bread ration
 d - a meat ration
 l - a royal jelly


   Skills:
 - Level 3.4 Fighting
 * Level 5.4 Short Blades
 + Level 3.2 Dodging
 - Level 2.5 Stealth
 * Level 0.4 Shields


You had 5 spell levels left.
You didn't know any spells.

Dungeon Overview and Level Annotations

Branches:
Dungeon (4/15)
 Temple: D:4-7

Altars:
Nemelex Xobeh

Shops:
D:4 [


Innate Abilities, Weirdness & Mutations

You are resistant to torment.
Your stone body is resilient. (AC +4)
You are immune to poison.
You resist negative energy. (rN+)
You are resistant to electric shocks. (rElec)
You can survive without breathing.
You are immune to petrification.
You are immune to rotting.


Message History

The orc is moderately wounded.
You hit the orc. You burn the orc.
You kill the orc!
The orc priest misses you.
Things that are here:
a club; 3 tomahawks You hit the orc priest but do no damage.
The orc priest hits you.
You closely miss the orc priest. The orc priest misses you.
You hit the orc priest but do no damage.
The orc priest invokes the aid of Beogh against you.
Beogh smites you!
You are too injured to fight recklessly!
You are too injured to fight recklessly!
You hit the orc priest but do no damage.
You barely miss the orc priest. The orc priest hits you.
You hit the orc priest but do no damage.
The orc priest invokes the aid of Beogh against you.
Beogh smites you!
You die...

......#...............##........#
......#.............###.........#
......#.(.......................#
......#................#........'
......###...##...#######........#
'##.....#...##...#.........######
..#.....#....#...#.........#.....
..+.....'....#..o#.........#.....
..#.....#....#..@'.........#.....
..#.....#....#...#.........#.....
###.....##########.........#.....
......>...............()...#####'
.......................))........
...........................<.....
.................................
.................................
.................................


You could see an orc priest.

Vanquished Creatures
  2 hounds (D:4)
  Jessica (D:3)
  An orc wizard (D:4)
  A worker ant (D:4)
  A gnoll (D:4)
  3 adders
  An adder skeleton (D:4)
  A worm (D:3)
  2 dart slugs
  A leopard gecko (D:2)
  10 orcs
  A ball python (D:2)
  4 giant cockroaches
  2 goblins (D:2)
  9 hobgoblins
  4 jackals
  7 bats
  5 frilled lizards
  12 kobolds
  11 rats
79 creatures vanquished.

Notes
Turn   | Place    | Note
-------+----------+-------------------------------------------
     0 | D:1      | cereshysteria the Gargoyle Monk began the quest for the Orb.
     0 | D:1      | Reached XP level 1. HP: 14/14 MP: 1/1
   165 | D:1      | Reached XP level 2. HP: 17/19 MP: 2/2
   802 | D:2      | Reached skill level 3 in Short Blades
   873 | D:2      | Reached XP level 3. HP: 13/23 MP: 3/3
  1962 | D:3      | Reached XP level 4. HP: 21/28 MP: 4/4
  2058 | D:3      | Noticed Jessica
  2066 | D:3      | Killed Jessica
  2066 | D:3      | Reached skill level 4 in Short Blades
  2087 | D:3      | Found a sparkling altar of Nemelex Xobeh.
  2693 | D:4      | Reached XP level 5. HP: 32/32 MP: 5/5
  3411 | D:4      | Reached skill level 5 in Short Blades
  3412 | D:4      | Found Xoell's Armour Shop.
  3415 | D:4      | Bought a +0 buckler for 54 gold pieces
  3477 | D:4      | Reached XP level 6. HP: 8/37 MP: 6/6
  3835 | D:4      | Killed from afar by an orc priest

Skill      XL: |  1  2  3  4  5 |
---------------+----------------+-----
Short Blades   | 3 4 5 |  5.4
Dodging        | 3 |  3.2
Fighting       | |  3.4
Stealth        | |  2.5
Shields        | |  0.4

Action                   |  1- 3 |  4- 6 || total
-------------------------+-------+-------++-------
Melee: Short sword       |   166 |    50 ||   216
       Dagger            |       |    91 ||    91
  Use: Potion            |       |     4 ||     4
       Scroll            |       |     1 ||     1
 Stab: Sleeping          |     9 |     5 ||    14
  Eat: Chunk             |     3 |     2 ||     5
       Bread ration      |       |     1 ||     1
Armor: Robe              |    52 |    42 ||    94
Dodge: Dodged            |   108 |    71 ||   179
Block: Buckler           |       |     3 ||     3
